 Dungeon Crawl Stone Soup version 0.30.0-29-ga12c61a403 (webtiles) character file.

Game seed: 7409648715338315869

89 ChadusMaximus the Shield-Bearer (level 4, -10/37 HPs)
             Began as a Formicid Fighter on June 17, 2023.
             Mangled by an orc
             ... wielding a +2 dagger of electrocution
              (20 damage)
             ... on level 4 of the Dungeon.
             The game lasted 00:01:56 (1778 turns).

ChadusMaximus the Shield-Bearer (Formicid Fighter)  Turns: 1778, Time: 00:01:57

Health: -10/37     AC:  7    Str: 22    XL:     4   Next: 84%
Magic:  4/4        EV:  9    Int:  8    God:
Gold:   141        SH:  5    Dex: 13    Spells: 3/3 levels left

rFire   . . .        a - +0 war axe
rCold   . . .        c - +0 buckler
rNeg    . . .        b - +0 scale mail
rPois   .            (helmet unavailable)
rElec   .            (no cloak)
rCorr   .            (no gloves)
SInv    +            (no boots)
Will    .....        (no amulet) Stlth
                     i - ring of flight
HPRegen 0.26/turn    (no ring)
MPRegen 0.09/turn

%: no passive effects
@: flying
A: permanent stasis, dig shafts and tunnels, antennae 3, four strong arms
a: Dig, Shaft Self


You were on level 4 of the Dungeon.
You visited 1 branch of the dungeon, and saw 4 of its levels.

You collected 141 gold pieces.

Inventory:

Hand Weapons
 a - a +0 war axe (weapon)
Armour
 b - a +0 scale mail (worn)
 c - a +0 buckler (worn)
Jewellery
 i - a ring of flight (left hand)
Wands
 n - a wand of flame (23)
Scrolls
 e - a scroll of poison {unknown}
 f - a scroll of noise {unknown}
 g - 2 scrolls of enchant armour {unknown}
 h - a scroll of torment {unknown}
 l - a scroll of fog {unknown}
 m - a scroll of teleportation {unknown}
 o - a scroll of fear {unknown}
Potions
 d - a potion of might
 j - a potion of flight {unknown}
 k - a potion of lignification {unknown}


   Skills:
 + Level 4.0 Fighting
 + Level 3.0 Axes
 + Level 4.0 Armour
 + Level 4.8 Shields


You had 3 spell levels left.
You didn't know any spells.
Your spell library contained the following spells:

 Spells                   Type           Power      Damage    Failure   Level
 Summon Forest            Summ/Tloc      0%         N/A       100%        5
 Eringya's Noxious Bog    Tmut/Pois      0%         N/A       100%        6
 Summon Hydra             Summ           0%         N/A       100%        7


Dungeon Overview and Level Annotations

Branches:
Dungeon (4/15)             Temple (0/1) D:4

Altars:

Shops:
D:2 (


Innate Abilities, Weirdness & Mutations

You cannot be hasted, slowed, berserked, paralysed or teleported.
You can dig through walls and to a lower floor.
You have a pair of large antennae on your head. (SInv)
Your four strong arms can wield two-handed weapons with a shield.


Message History

A gnoll comes into view. It is wielding a +0 halberd.
Your Armour skill increases to level 4!
A gnoll comes into view. It is wielding a +0 spear.
Found a staircase to the Ecumenical Temple.
The gnoll shouts! x2
A kobold comes into view.
It is wielding a +0 dagger and quivering poisoned darts.
The orc hits you with a +2 dagger of electrocution.
A gnoll bouda comes into view. It is wielding a +0 club.
A gnoll comes into view. It is wielding a +0 club.
You see here a dart slug corpse.
You barely miss the orc.
The gnoll bouda shouts!
You slash the orc!
You kill the orc!
You block the orc's attack. The orc barely misses you.
The orc priest looks encouraged for a moment.
Your Fighting skill increases to level 4!
The orc attacks as you move away! The orc closely misses you.
The gnoll bouda barks out a call to the hunt!
The gnolls pick up the pace!
The orc priest looks braver for a moment.
The orc attacks as you move away! The orc hits you but does no damage.
The orc attacks as you move away! The orc barely misses you.
The orc attacks as you move away!
The orc hits you with a +2 dagger of electrocution.
The orc hits you with a +2 dagger of electrocution.
The orc attacks as you move away! The orc hits you but does no damage.
There is a stone staircase leading up here.
You closely miss the orc. You block the orc's attack.
You hit the orc.
The orc is heavily wounded.
The orc hits you but does no damage.
You are electrocuted!
You are too injured to fight recklessly!
You are too injured to fight recklessly!
Unknown command.
The orc hits you with a +2 dagger of electrocution.
* * * LOW HITPOINT WARNING * * *
You are electrocuted!!
Ouch! That really hurt!
You die...

# # # # ############
# #..........# #####
#.########.# ....#
#.# ##.@o#{#
....######.###.###og#
...............# #..#
....#####.####.###{.#
..........# ##..{#.#
..######### ##.##.#
.## #{##.# .# #{##.#
.# ##{##.###


You could see a gnoll (swift) and 2 orcs.

Vanquished Creatures
  4 adders
  2 worms
  3 dart slugs
  2 orcs
  A ball python (D:2)
  4 bats (D:2)
  2 endoplasms
  4 giant cockroaches
  5 hobgoblins
  4 quokkas
  2 frilled lizards
  A goblin (D:3)
  6 kobolds
40 creatures vanquished.

Notes
Turn   | Place    | Note
-------+----------+-------------------------------------------
     0 | D:1      | ChadusMaximus the Formicid Fighter began the quest for the
                  | Orb.
     0 | D:1      | Reached XP level 1. HP: 18/18 MP: 1/1
   141 | D:1      | You fall into a shaft and drop 1 floor!
   270 | D:2      | Reached XP level 2. HP: 24/24 MP: 2/2
   305 | D:2      | Found Filitotorph's Weapon Emporium.
   325 | D:2      | Reached XP level 3. HP: 26/29 MP: 3/3
  1015 | D:3      | Reached XP level 4. HP: 36/37 MP: 4/4
  1307 | D:3      | Identified the +3 dagger "Ebridd" {freeze, Will+ Dex+3}
  1757 | D:4      | Found a staircase to the Ecumenical Temple.
  1778 | D:4      | Mangled by an orc

Illustrated notes

Levels and vault maps discovered:
D:1:      ncdulo_smallfort, layout_loops_cross
D:2:      layout_basic, serial_shops, shop
D:3:      layout_basic, kennysheep_flooded_box
D:4:      layout_loops_ring, chequers_temple_overflow_statue_of_worship,
          minmay_temple_entry_large_hall, nicolae_ossuary_entry_false_entrances,
          uniq_eustachio

Skill      XL: |  1  2  3  4 |
---------------+-------------+-----
Axes           | 3 |  3.0
Armour         | 4 |  4.0
Fighting       | 4 |  4.0
Shields        | |  4.8

Action                     |  1- 3 |  4- 6 || total
---------------------------+-------+-------++-------
  Melee: War axe           |    66 |    66 ||   132
 Armour: Scale mail        |    36 |    35 ||    71
  Dodge: Dodged            |    31 |    23 ||    54
  Block: Buckler           |    19 |    18 ||    37
